Sound Tigers vs Rampage
Created - June 7, 2023 at 20:07
Goals
|
| Sound Tigers |
0 |
4 |
3 |
7 |
| Rampage |
0 |
1 |
1 |
2 |
|
Shots
|
| Sound Tigers |
7 |
13 |
11 |
31 |
| Rampage |
14 |
14 |
13 |
41 |
|
1st period
No Goal
Penalties :
James Livingstone (BRI) for Holding (Minor) at 11:49
2nd period
1. Sound Tigers , Ben Thomson 1 (Pavel Kraskovsky 1, Nick Blankenburg 1) at 2:20
2. Rampage , T.J. Tynan 1 (Christian Dvorak 1, Dylan Blujus 1) at 3:08 (SH)
3. Sound Tigers , Alex Tuch 1 (Ryan Hartman 1) at 3:29 (PP)
4. Sound Tigers , Ben Thomson 2 (Pavel Kraskovsky 2, Greg Pateryn 1) at 11:47
5. Sound Tigers , Taylor Aronson 1 (Joe Labate 1) at 16:17
Penalties :
Ethan Bear (San) for Hooking (Minor) at 2:52, James Livingstone (BRI) for Hooking (Minor) at 12:56
3rd period
6. Sound Tigers , Alex Tuch 2 (Ryan Hartman 2, Borna Rendulic 1) at 1:46 (PP)
7. Sound Tigers , Ben Thomson 3 (Pavel Kraskovsky 3) at 2:32
8. Sound Tigers , Greg Pateryn 1 (Ryan Hartman 3, Pavel Francouz) at 18:47 (PP)
9. Rampage , Pierre-Luc Dubois 1 (Anthony Richard 1, Dylan Sikura 1) at 19:32
Penalties :
Rourke Chartier (San) for Tripping (Minor) at 1:34, Borna Rendulic (BRI) for Goalie Interference (Minor) at 2:54, Magnus Hellberg (San) for Slashing (Minor) at 18:37 - Tim Erixon served the penalty, Dominik Simon (San) for Hooking (Minor) at 19:35, Ryan Hartman (BRI) for Unsportsmanlike conduct (Major / Game Misconduct) at 19:38
Goalie Stats
Pavel Francouz (BRI), 39 saves from 41 shots - (0.951), W, 1-0-0, 60:00 minutes
Jake Oettinger (San), 15 saves from 19 shots - (0.789), L, 0-1-0, 36:17 minutes
Magnus Hellberg (San), 9 saves from 12 shots - (0.750), 23:43 minutes
Players Stats for Sound Tigers
Player Name G A P +/- PIM S H SB GA TA FO MP PP MP PK MP
------------------------------------------------------------------------------------
Alex Tuch 2 0 2 -1 0 5 1 0 1 0 3/4 21:02 1:02 3:21
Ben Johnson 0 0 0 0 0 0 0 0 0 0 0/0 1:10 0:00 0:44
Ben Thomson 3 0 3 3 0 4 0 0 0 0 0/0 13:32 0:00 1:01
Borna Rendulic 0 1 1 -1 2 3 0 2 0 0 0/3 17:25 1:02 0:00
Gabriel Carlsson 0 0 0 -1 0 2 2 2 0 2 0/0 28:14 1:02 3:20
Garret Pilon 0 0 0 0 0 0 0 0 0 0 0/0 0:00 0:00 0:00
Garret Ross 0 0 0 0 0 0 0 0 0 0 0/0 15:33 0:00 1:35
Greg Pateryn 1 1 2 -1 0 1 3 2 1 0 0/0 28:14 1:02 3:20
James Livingstone 0 0 0 0 4 3 0 0 0 0 2/3 15:07 0:00 0:30
Joe Labate 0 1 1 0 0 2 3 1 0 0 4/9 15:33 0:00 1:35
Josh Archibald 0 0 0 0 0 0 0 0 0 0 0/0 9:53 0:00 0:00
Miro Heiskanen 0 0 0 0 0 0 1 1 0 3 0/0 12:48 0:00 0:00
Nick Blankenburg 0 1 1 0 0 0 0 1 1 0 0/0 12:48 0:00 0:00
Pavel Kraskovsky 0 3 3 3 0 1 0 0 0 0 5/11 12:05 0:00 0:00
Rhett Gardner 0 0 0 0 0 2 0 0 1 0 0/2 9:53 0:00 0:00
Ross Colton 0 0 0 3 0 0 0 0 0 0 0/0 12:05 0:00 0:00
Ryan Hartman 0 3 3 -1 15 3 2 0 1 0 17/34 20:27 1:01 3:08
Slater Koekkoek 0 0 0 3 0 1 1 1 1 0 0/0 18:58 0:00 2:37
Taylor Aronson 1 0 1 3 0 3 2 2 0 1 0/0 18:58 0:00 2:37
Tyrell Goulbourne 0 0 0 0 0 1 2 0 1 0 0/0 9:53 0:00 0:00
Players Stats for Rampage
Player Name G A P +/- PIM S H SB GA TA FO MP PP MP PK MP
------------------------------------------------------------------------------------
Adam Clendening 0 0 0 1 0 0 0 1 0 1 0/0 14:38 0:00 1:02
Anthony Richard 0 1 1 -1 0 3 0 0 0 0 6/9 12:15 0:01 0:10
Artturi Lehkonen 0 0 0 0 0 1 1 0 1 0 0/0 8:02 0:01 0:00
Christian Dvorak 0 1 1 0 0 4 0 0 0 0 0/0 19:31 2:29 0:52
Dominik Simon 0 0 0 -1 2 4 2 1 1 0 0/1 20:00 3:27 0:00
Dylan Blujus 0 1 1 -1 0 1 3 1 0 0 0/0 18:27 2:01 0:37
Dylan Sikura 0 1 1 -1 0 4 1 0 0 0 0/0 14:20 2:29 0:10
Emil Bemstrom 0 0 0 -1 0 3 2 0 0 0 0/0 16:29 0:05 0:00
Ethan Bear 0 0 0 -2 2 1 0 0 0 2 0/0 23:45 2:01 0:25
Jordan Kyrou 0 0 0 -1 0 3 3 0 1 1 1/4 20:27 3:23 0:00
Matt Roy 0 0 0 1 0 0 0 0 1 0 0/0 16:10 0:00 0:00
Pierre-Luc Dubois 1 0 1 -1 0 3 0 0 0 1 1/1 11:55 0:00 0:00
Rourke Chartier 0 0 0 -1 2 0 2 0 0 0 18/30 20:00 3:27 0:00
T.J. Tynan 1 0 1 0 0 4 1 2 0 0 6/18 19:52 2:29 0:52
Tim Erixon 0 0 0 -1 0 3 1 0 1 0 0/0 22:01 3:56 0:00
Travis Sanheim 0 0 0 -2 0 5 3 1 1 2 0/0 24:58 3:56 0:00
Trent Frederic 0 0 0 0 0 2 0 0 0 0 0/0 7:52 0:00 0:00
Zach Stepan 0 0 0 0 0 0 0 0 0 0 3/3 7:52 0:00 0:00
3 Stars
1 - Ben Thomson (BRI)
2 - Pavel Kraskovsky (BRI)
3 - Taylor Aronson (BRI)
Power Play
Sound Tigers - 3 on 4 Attempt(s) - 75.00%
Rampage - 0 on 4 Attempt(s) - 0.00%
Penalty Kill
Sound Tigers - 4 on 4 Attempt(s) - 100.00%
- Score 0 goal in Penalty Kill
Rampage - 1 on 4 Attempt(s) - 25.00%
- Score 1 goal in Penalty Kill
Team Stat
Sound Tigers - Hits : 17 - Faceoff Wins : 31 - Blocked Shots : 12 - Penalty Minutes : 21
Rampage - Hits : 19 - Faceoff Wins : 35 - Blocked Shots : 6 - Penalty Minutes : 8
Official
Referees : Beaudry Halkidis and Furman South
Linesman : David Brisebois and Tyson Baker
Game Notes
Magnus Hellberg enters game at 16:17 of 2nd period
Ben Thomson has scored a Hat Trick!
Ryan Hartman (BRI) for Unsportsmanlike conduct (Major / Game Misconduct) at 19:38
Ryan Hartman ejected from game at 19:38 of 3rd period
Finance
Level 1 -- Attendance: 2000 (100.00%) -- Ticket Income $70,000
Level 2 -- Attendance: 1000 (100.00%) -- Ticket Income $15,000
Total Attendance: 3000 (100.00%)
Total Ticket Income: $85,000
Other Income: $4,250
Total Income: $89,250
Sound Tigers
5 vs 5 Forward
Center Left Wing Right Wing Time % Phy DF OF
1 Ryan Hartman Alex Tuch Borna Rendulic 40 1 2 2
2 Joe Labate Garret Ross James Livingstone 30 1 2 2
3 Pavel Kraskovsky Ben Thomson Ross Colton 20 1 2 2
4 Rhett Gardner Tyrell Goulbourne Josh Archibald 10 1 2 2
5 vs 5 Defense
Defense Defense Time % Phy DF OF
1 Greg Pateryn Gabriel Carlsson 40 1 2 2
2 Slater Koekkoek Taylor Aronson 30 1 2 2
3 Miro Heiskanen Nick Blankenburg 20 1 2 2
4 Greg Pateryn Gabriel Carlsson 10 1 2 2
PowerPlay Forward
Center Left Wing Right Wing Time % Phy DF OF
1 Ryan Hartman Alex Tuch Borna Rendulic 60 1 2 2
2 Joe Labate Garret Ross James Livingstone 40 1 2 2
PowerPlay Defense
Defense Defense Time % Phy DF OF
1 Greg Pateryn Gabriel Carlsson 60 1 2 2
2 Slater Koekkoek Taylor Aronson 40 1 2 2
Penalty Kill 4 Players Forward
Center Wing Time % Phy DF OF
1 Ryan Hartman Alex Tuch 60 1 2 2
2 Joe Labate Garret Ross 40 1 2 2
Penalty Kill 4 Players Defense
Defense Defense Time % Phy DF OF
1 Greg Pateryn Gabriel Carlsson 60 1 2 2
2 Slater Koekkoek Taylor Aronson 40 1 2 2
Penalty Kill - 3 Players Forward
Forward Time % Phy DF OF
1 Ryan Hartman 60 1 2 2
2 Joe Labate 40 1 2 2
Penalty Kill - 3 Players Defense
Defense Defense Time % Phy DF OF
1 Greg Pateryn Gabriel Carlsson 60 1 2 2
2 Slater Koekkoek Taylor Aronson 40 1 2 2
4 vs 4 Forward
Center Wing Time % Phy DF OF
1 Ryan Hartman Alex Tuch 60 1 2 2
2 Joe Labate Garret Ross 40 1 2 2
4 vs 4 Defense
Defense Defense Time % Phy DF OF
1 Greg Pateryn Gabriel Carlsson 60 1 2 2
2 Slater Koekkoek Taylor Aronson 40 1 2 2
Last Minutes Offensive
Center Left Wing Right Wing Defense Defense
Ryan Hartman Alex Tuch Borna Rendulic Greg Pateryn Gabriel Carlsson
Last Minutes Defensive
Center Left Wing Right Wing Defense Defense
Ryan Hartman Alex Tuch Borna Rendulic Greg Pateryn Gabriel Carlsson
Goaltenders
Starting : Pavel Francouz
Backup : Chris Driedger
Extra Forwards
Normal : James Livingstone, Ben Thomson, Joe Labate - PP : James Livingstone, Ben Thomson - PK : James Livingstone
Extra Defensemen
Normal : Taylor Aronson, Miro Heiskanen, Nick Blankenburg - PP : Taylor Aronson - PK : Taylor Aronson, Miro Heiskanen
Penalty Shots
Alex Tuch, Ryan Hartman, Garret Ross, Borna Rendulic, James Livingstone
Scratches
Alexander Yelesin (Healthy), Blake Speers (Healthy), Brad Ross (Healthy), Alex Steeves (Healthy), Jakub Galvas (Healthy)
Noah Cates (Healthy), Brandon Gignac (Healthy), Casey Staum (Healthy), Stuart Skinner (Healthy), Sean Maguire (Healthy)
Rampage
5 vs 5 Forward
Center Left Wing Right Wing Time % Phy DF OF
1 Rourke Chartier Dominik Simon Jordan Kyrou 40 1 2 2
2 T.J. Tynan Christian Dvorak Emil Bemstrom 30 1 2 2
3 Anthony Richard Pierre-Luc Dubois Dylan Sikura 20 1 2 2
4 Zach Stepan Artturi Lehkonen Trent Frederic 10 1 2 2
5 vs 5 Defense
Defense Defense Time % Phy DF OF
1 Travis Sanheim Ethan Bear 40 1 2 2
2 Dylan Blujus Tim Erixon 30 1 2 2
3 Adam Clendening Matt Roy 20 1 2 2
4 Matt Roy Tim Erixon 10 1 2 2
PowerPlay Forward
Center Left Wing Right Wing Time % Phy DF OF
1 Rourke Chartier Dominik Simon Jordan Kyrou 60 1 2 2
2 T.J. Tynan Christian Dvorak Dylan Sikura 40 1 2 2
PowerPlay Defense
Defense Defense Time % Phy DF OF
1 Travis Sanheim Tim Erixon 60 1 2 2
2 Ethan Bear Dylan Blujus 40 1 2 2
Penalty Kill 4 Players Forward
Center Wing Time % Phy DF OF
1 T.J. Tynan Christian Dvorak 60 1 2 2
2 Anthony Richard Dylan Sikura 40 1 2 2
Penalty Kill 4 Players Defense
Defense Defense Time % Phy DF OF
1 Ethan Bear Adam Clendening 60 1 2 2
2 Matt Roy Tim Erixon 40 1 2 2
Penalty Kill - 3 Players Forward
Forward Time % Phy DF OF
1 Anthony Richard 60 1 2 2
2 Christian Dvorak 40 1 2 2
Penalty Kill - 3 Players Defense
Defense Defense Time % Phy DF OF
1 Adam Clendening Ethan Bear 60 1 2 2
2 Matt Roy Tim Erixon 40 1 2 2
4 vs 4 Forward
Center Wing Time % Phy DF OF
1 T.J. Tynan Jordan Kyrou 60 1 2 2
2 Zach Stepan Christian Dvorak 40 1 2 2
4 vs 4 Defense
Defense Defense Time % Phy DF OF
1 Matt Roy Ethan Bear 60 1 2 2
2 Dylan Blujus Travis Sanheim 40 1 2 2
Last Minutes Offensive
Center Left Wing Right Wing Defense Defense
Rourke Chartier Dominik Simon Jordan Kyrou Travis Sanheim Tim Erixon
Last Minutes Defensive
Center Left Wing Right Wing Defense Defense
T.J. Tynan Christian Dvorak Dylan Sikura Adam Clendening Tim Erixon
Goaltenders
Starting : Jake Oettinger
Backup : Magnus Hellberg
Extra Forwards
Normal : Dominik Simon, Jordan Kyrou, Zach Stepan - PP : T.J. Tynan, Rourke Chartier - PK : T.J. Tynan
Extra Defensemen
Normal : Tim Erixon, Ethan Bear, Travis Sanheim - PP : Matt Roy - PK : Dylan Blujus, Matt Roy
Penalty Shots
Artturi Lehkonen, Rourke Chartier, Anthony Richard, Trent Frederic, Christian Dvorak
Scratches
Pierre Engvall (Bruised Right Leg Injury), Sami Niku (Healthy), Joachim Blichfeld (Back Spasms Injury), Frederic Allard (Healthy), Emil Larmi (Healthy)
% Time on Ice - Sound Tigers
Lines # - Real PCT - Wanted PCT - Time Play
Normal Forward
1 - 32% - 40% - 16:44
2 - 27% - 30% - 13:58
3 - 23% - 20% - 12:05
4 - 19% - 10% - 9:53
Normal Defense
1 - 39% - 40% - 20:44
2 - 31% - 30% - 16:21
3 - 24% - 20% - 12:48
4 - 5% - 10% - 2:47
PP Forward
1 - 100% - 60% - 1:02
2 - 0% - 40% - 0:00
PP Defense
1 - 100% - 60% - 1:02
2 - 0% - 40% - 0:00
PK Forward
1 - 73% - 60% - 4:22
2 - 27% - 40% - 1:35
PK Defense
1 - 56% - 60% - 3:20
2 - 44% - 40% - 2:37
PK3 Forward
1 - 0% - 60%
2 - 0% - 40%
PK3 Defense
1 - 0% - 60%
2 - 0% - 40%
44 Forward
1 - 100% - 60% - 0:21
2 - 0% - 40% - 0:00
44 Defense
1 - 100% - 60% - 0:21
2 - 0% - 40% - 0:00
Last Minute Offensive - 0:00
Last Minute Defensive - 0:00
Total
Forward - 60:00
Defense - 60:00
|
% Time on Ice - Rampage
Lines # - Real PCT - Wanted PCT - Time Play
Normal Forward
1 - 32% - 40% - 16:43
2 - 31% - 30% - 16:10
3 - 23% - 20% - 11:55
4 - 15% - 10% - 7:52
Normal Defense
1 - 40% - 40% - 21:02
2 - 30% - 30% - 15:49
3 - 23% - 20% - 12:02
4 - 7% - 10% - 3:47
PP Forward
1 - 58% - 60% - 3:28
2 - 42% - 40% - 2:29
PP Defense
1 - 66% - 60% - 3:56
2 - 34% - 40% - 2:01
PK Forward
1 - 84% - 60% - 0:52
2 - 16% - 40% - 0:10
PK Defense
1 - 100% - 60% - 1:02
2 - 0% - 40% - 0:00
PK3 Forward
1 - 0% - 60%
2 - 0% - 40%
PK3 Defense
1 - 0% - 60%
2 - 0% - 40%
44 Forward
1 - 100% - 60% - 0:21
2 - 0% - 40% - 0:00
44 Defense
1 - 100% - 60% - 0:21
2 - 0% - 40% - 0:00
Last Minute Offensive - 0:00
Last Minute Defensive - 0:00
Total
Forward - 60:00
Defense - 60:00
|
Play-by-Play
1st period
0:01 of 1st period - Ryan Hartman wins face-off versus Rourke Chartier in neutral zone.
0:15 of 1st period - Wrist shot by Dominik Simon.
0:15 of 1st period - Stopped by Pavel Francouz without a rebound.
0:16 of 1st period - T.J. Tynan wins face-off versus Joe Labate in Sound Tigers zone.
2:08 of 1st period - Slapshot by Tim Erixon.
2:08 of 1st period - Shot Blocked by Gabriel Carlsson.
2:10 of 1st period - Backhand shot by Tim Erixon.
2:10 of 1st period - Stopped by Pavel Francouz with a rebound.
3:12 of 1st period - Wrist shot by Garret Ross.
3:12 of 1st period - Shot Misses the Net.
3:40 of 1st period - Wrist shot by T.J. Tynan.
3:40 of 1st period - Shot Misses the Net.
3:59 of 1st period - Backhand shot by Christian Dvorak.
3:59 of 1st period - Stopped by Pavel Francouz with a rebound.
4:11 of 1st period - Wrist shot by Christian Dvorak.
4:11 of 1st period - Shot Blocked by Joe Labate.
4:13 of 1st period - Slapshot by Dylan Blujus.
4:13 of 1st period - Stopped by Pavel Francouz without a rebound.
4:14 of 1st period - Ryan Hartman wins face-off versus Rourke Chartier in Sound Tigers zone.
4:14 of 1st period - Ryan Hartman is hit by Dominik Simon.
4:20 of 1st period - Slapshot by Ryan Hartman.
4:20 of 1st period - Stopped by Jake Oettinger without a rebound.
4:21 of 1st period - Rourke Chartier wins face-off versus Alex Tuch in Rampage zone.
5:19 of 1st period - Wrist shot by Alex Tuch.
5:19 of 1st period - Stopped by Jake Oettinger without a rebound.
5:20 of 1st period - Anthony Richard wins face-off versus Pavel Kraskovsky in Rampage zone.
5:31 of 1st period - Wrist shot by Dylan Sikura.
5:31 of 1st period - Deflect By Pierre-Luc Dubois.
5:31 of 1st period - Stopped by Pavel Francouz with a rebound.
5:45 of 1st period - Icing by Dylan Sikura.
5:46 of 1st period - Zach Stepan wins face-off versus Rhett Gardner in Rampage zone.
6:18 of 1st period - Wrist shot by Anthony Richard.
6:18 of 1st period - Stopped by Pavel Francouz with a rebound.
6:20 of 1st period - Snap shot by Pierre-Luc Dubois.
6:20 of 1st period - Stopped by Pavel Francouz without a rebound.
6:21 of 1st period - Rourke Chartier wins face-off versus Ryan Hartman in Sound Tigers zone.
7:09 of 1st period - Off-side.
7:10 of 1st period - Joe Labate wins face-off versus T.J. Tynan in neutral zone.
7:15 of 1st period - Snap shot by James Livingstone.
7:15 of 1st period - Stopped by Jake Oettinger without a rebound.
7:16 of 1st period - Ryan Hartman wins face-off versus Rourke Chartier in Rampage zone.
7:27 of 1st period - Snap shot by Ryan Hartman.
7:27 of 1st period - Stopped by Jake Oettinger without a rebound.
7:28 of 1st period - Rourke Chartier wins face-off versus Borna Rendulic in Rampage zone.
7:41 of 1st period - Icing by Jordan Kyrou.
7:42 of 1st period - Joe Labate wins face-off versus Rourke Chartier in Rampage zone.
8:02 of 1st period - Snap shot by Rourke Chartier.
8:02 of 1st period - Deflect By Dominik Simon.
8:02 of 1st period - Shot Misses the Net.
8:02 of 1st period - Puck is out of play.
8:03 of 1st period - T.J. Tynan wins face-off versus Ryan Hartman in Sound Tigers zone.
8:08 of 1st period - Wrist shot by Emil Bemstrom.
8:08 of 1st period - Shot Misses the Net.
8:32 of 1st period - Off-side.
8:33 of 1st period - Pavel Kraskovsky wins face-off versus Anthony Richard in neutral zone.
8:38 of 1st period - Snap shot by Pavel Kraskovsky.
8:38 of 1st period - Shot Misses the Net.
8:40 of 1st period - Slapshot by Greg Pateryn.
8:40 of 1st period - Shot Misses the Net.
8:42 of 1st period - Wrist shot by Pavel Kraskovsky.
8:42 of 1st period - Stopped by Jake Oettinger with a rebound.
8:44 of 1st period - Backhand shot by Gabriel Carlsson.
8:44 of 1st period - Stopped by Jake Oettinger without a rebound.
8:45 of 1st period - Rourke Chartier wins face-off versus Borna Rendulic in Rampage zone.
8:45 of 1st period - Rourke Chartier is hit by Alex Tuch.
8:57 of 1st period - Ryan Hartman is hit by Dominik Simon and loses puck.
9:16 of 1st period - Snap shot by Christian Dvorak.
9:16 of 1st period - Shot Misses the Net.
9:18 of 1st period - Slapshot by Tim Erixon.
9:18 of 1st period - Deflect By Greg Pateryn.
9:18 of 1st period - Stopped by Pavel Francouz without a rebound.
9:19 of 1st period - Joe Labate wins face-off versus Rourke Chartier in Sound Tigers zone.
9:53 of 1st period - Backhand shot by Emil Bemstrom.
9:53 of 1st period - Stopped by Pavel Francouz without a rebound.
9:54 of 1st period - Pierre-Luc Dubois wins face-off versus Pavel Kraskovsky in Sound Tigers zone.
9:55 of 1st period - Slapshot by Dylan Sikura.
9:55 of 1st period - Stopped by Pavel Francouz without a rebound.
9:56 of 1st period - Anthony Richard wins face-off versus Pavel Kraskovsky in Sound Tigers zone.
10:23 of 1st period - Slapshot by Dominik Simon.
10:23 of 1st period - Stopped by Pavel Francouz without a rebound.
10:24 of 1st period - Ryan Hartman wins face-off versus Jordan Kyrou in Sound Tigers zone.
10:37 of 1st period - Wrist shot by Dominik Simon.
10:37 of 1st period - Shot Misses the Net.
10:39 of 1st period - Slapshot by Dominik Simon.
10:39 of 1st period - Stopped by Pavel Francouz with a rebound.
11:13 of 1st period - Snap shot by Anthony Richard.
11:13 of 1st period - Shot Blocked by Greg Pateryn.
11:49 of 1st period - Minor Penalty to James Livingstone for Holding.
11:50 of 1st period - Ryan Hartman wins face-off versus Jordan Kyrou in Sound Tigers zone.
11:50 of 1st period - Ryan Hartman is hit by Travis Sanheim.
12:07 of 1st period - Dominik Simon is hit by Ryan Hartman and loses puck.
12:38 of 1st period - Jordan Kyrou is hit by Greg Pateryn and loses puck.
12:45 of 1st period - Dominik Simon is hit by Greg Pateryn and loses puck.
13:10 of 1st period - Christian Dvorak is hit by Joe Labate and loses puck.
13:49 of 1st period - Penalty to James Livingstone is over, James Livingstone is back on ice.
13:51 of 1st period - Ben Thomson is hit by Travis Sanheim and loses puck.
17:01 of 1st period - Snap shot by Rhett Gardner.
17:01 of 1st period - Stopped by Jake Oettinger without a rebound.
17:02 of 1st period - Ryan Hartman wins face-off versus T.J. Tynan in Rampage zone.
17:07 of 1st period - Snap shot by Ryan Hartman.
17:07 of 1st period - Shot Misses the Net.
17:29 of 1st period - Jordan Kyrou is hit by Taylor Aronson and loses puck.
18:30 of 1st period - Emil Bemstrom is hit by Taylor Aronson and loses puck.
18:39 of 1st period - Snap shot by T.J. Tynan.
18:39 of 1st period - Stopped by Pavel Francouz without a rebound.
18:40 of 1st period - Ryan Hartman wins face-off versus Rourke Chartier in Sound Tigers zone.
19:04 of 1st period - Icing by Greg Pateryn.
19:05 of 1st period - Pavel Kraskovsky wins face-off versus T.J. Tynan in Sound Tigers zone.
19:30 of 1st period - Alex Tuch is hit by Rourke Chartier and loses puck.
19:55 of 1st period - Wrist shot by Anthony Richard.
19:55 of 1st period - Stopped by Pavel Francouz without a rebound.
19:56 of 1st period - Anthony Richard wins face-off versus Joe Labate in Sound Tigers zone.
19:59 of 1st period - Wrist shot by Pierre-Luc Dubois.
19:59 of 1st period - Shot Misses the Net.
Goals for this period are 0 for Sound Tigers vs 0 for Rampage.
Shots for this period are 7 for Sound Tigers vs 14 for Rampage.
2nd period
0:01 of 2nd period - Rourke Chartier wins face-off versus Ryan Hartman in neutral zone.
1:29 of 2nd period - Off-side.
1:30 of 2nd period - T.J. Tynan wins face-off versus Ryan Hartman in neutral zone.
1:39 of 2nd period - Wrist shot by Christian Dvorak.
1:39 of 2nd period - Stopped by Pavel Francouz with a rebound.
1:57 of 2nd period - Gabriel Carlsson is hit by Rourke Chartier and loses puck.
2:18 of 2nd period - Slapshot by Pavel Kraskovsky.
2:18 of 2nd period - Shot Misses the Net.
2:20 of 2nd period - Snap shot by Ben Thomson.
2:20 of 2nd period - Goal by Ben Thomson - Sound Tigers : 1 - Rampage : 0.
2:21 of 2nd period - Rourke Chartier wins face-off versus Ryan Hartman in neutral zone.
2:24 of 2nd period - Slapshot by Travis Sanheim.
2:24 of 2nd period - Shot Blocked by Gabriel Carlsson.
2:34 of 2nd period - Slapshot by Greg Pateryn.
2:34 of 2nd period - Shot Blocked by Travis Sanheim.
2:36 of 2nd period - Snap shot by Alex Tuch.
2:36 of 2nd period - Shot Misses the Net.
2:52 of 2nd period - Minor Penalty to Ethan Bear for Hooking.
2:53 of 2nd period - Ryan Hartman wins face-off versus T.J. Tynan in Rampage zone.
2:54 of 2nd period - Snap shot by Borna Rendulic.
2:54 of 2nd period - Stopped by Jake Oettinger with a rebound.
3:04 of 2nd period - Backhand shot by Christian Dvorak.
3:04 of 2nd period - Shot Misses the Net.
3:08 of 2nd period - Snap shot by T.J. Tynan.
3:08 of 2nd period - Goal by T.J. Tynan - Sound Tigers : 1 - Rampage : 1.
3:09 of 2nd period - Ryan Hartman wins face-off versus T.J. Tynan in neutral zone.
3:12 of 2nd period - Adam Clendening is hit by Gabriel Carlsson and loses puck.
3:21 of 2nd period - Wrist shot by Borna Rendulic.
3:21 of 2nd period - Shot Misses the Net.
3:23 of 2nd period - Wrist shot by Borna Rendulic.
3:23 of 2nd period - Stopped by Jake Oettinger without a rebound.
3:24 of 2nd period - Alex Tuch wins face-off versus T.J. Tynan in Rampage zone.
3:25 of 2nd period - Slapshot by Ryan Hartman.
3:25 of 2nd period - Stopped by Jake Oettinger with a rebound.
3:27 of 2nd period - Wrist shot by Ryan Hartman.
3:27 of 2nd period - Shot Misses the Net.
3:29 of 2nd period - Slapshot by Alex Tuch.
3:29 of 2nd period - Goal by Alex Tuch - Sound Tigers : 2 - Rampage : 1.
3:30 of 2nd period - Rourke Chartier wins face-off versus Ryan Hartman in neutral zone.
3:55 of 2nd period - Christian Dvorak is hit by Joe Labate and loses puck.
4:29 of 2nd period - Backhand shot by Slater Koekkoek.
4:29 of 2nd period - Shot Misses the Net.
4:57 of 2nd period - Wrist shot by Alex Tuch.
4:57 of 2nd period - Stopped by Jake Oettinger without a rebound.
4:58 of 2nd period - Ryan Hartman wins face-off versus Rourke Chartier in Rampage zone.
5:42 of 2nd period - Wrist shot by Zach Stepan.
5:42 of 2nd period - Deflect By Trent Frederic.
5:42 of 2nd period - Stopped by Pavel Francouz without a rebound.
5:43 of 2nd period - Zach Stepan wins face-off versus Joe Labate in Sound Tigers zone.
5:54 of 2nd period - Wrist shot by Garret Ross.
5:54 of 2nd period - Shot Misses the Net.
5:56 of 2nd period - Slapshot by Greg Pateryn.
5:56 of 2nd period - Deflect By Garret Ross.
5:56 of 2nd period - Shot Misses the Net.
5:56 of 2nd period - Puck is out of play.
5:57 of 2nd period - Pavel Kraskovsky wins face-off versus Rourke Chartier in Rampage zone.
6:28 of 2nd period - Snap shot by Travis Sanheim.
6:28 of 2nd period - Stopped by Pavel Francouz with a rebound.
6:52 of 2nd period - Snap shot by Alex Tuch.
6:52 of 2nd period - Stopped by Jake Oettinger with a rebound.
6:54 of 2nd period - Snap shot by Slater Koekkoek.
6:54 of 2nd period - Shot Misses the Net.
6:56 of 2nd period - Slapshot by Slater Koekkoek.
6:56 of 2nd period - Stopped by Jake Oettinger with a rebound.
7:28 of 2nd period - Slapshot by Travis Sanheim.
7:28 of 2nd period - Stopped by Pavel Francouz without a rebound.
7:29 of 2nd period - Rourke Chartier wins face-off versus Pavel Kraskovsky in Sound Tigers zone.
7:30 of 2nd period - Snap shot by Jordan Kyrou.
7:30 of 2nd period - Stopped by Pavel Francouz with a rebound.
7:32 of 2nd period - Wrist shot by Jordan Kyrou.
7:32 of 2nd period - Shot Misses the Net.
7:34 of 2nd period - Snap shot by Dylan Blujus.
7:34 of 2nd period - Shot Blocked by Nick Blankenburg.
7:36 of 2nd period - Snap shot by Rourke Chartier.
7:36 of 2nd period - Shot Misses the Net.
7:38 of 2nd period - Snap shot by Jordan Kyrou.
7:38 of 2nd period - Shot Misses the Net.
8:01 of 2nd period - Snap shot by T.J. Tynan.
8:01 of 2nd period - Shot Blocked by Borna Rendulic.
8:03 of 2nd period - Snap shot by T.J. Tynan.
8:03 of 2nd period - Stopped by Pavel Francouz without a rebound.
8:04 of 2nd period - James Livingstone wins face-off versus T.J. Tynan in Sound Tigers zone.
8:11 of 2nd period - Joe Labate is hit by Emil Bemstrom and loses puck.
8:30 of 2nd period - Gabriel Carlsson is hit by Jordan Kyrou and loses puck.
8:48 of 2nd period - Off-side.
8:49 of 2nd period - Pavel Kraskovsky wins face-off versus Anthony Richard in neutral zone.
8:58 of 2nd period - Snap shot by Ben Thomson.
8:58 of 2nd period - Shot Blocked by Dylan Blujus.
10:03 of 2nd period - Gabriel Carlsson is hit by Artturi Lehkonen and loses puck.
10:34 of 2nd period - Ben Thomson is hit by Dylan Blujus and loses puck.
11:10 of 2nd period - Snap shot by Ben Thomson.
11:10 of 2nd period - Stopped by Jake Oettinger with a rebound.
11:47 of 2nd period - Wrist shot by Ben Thomson.
11:47 of 2nd period - Goal by Ben Thomson - Sound Tigers : 3 - Rampage : 1.
11:48 of 2nd period - Alex Tuch wins face-off versus Rourke Chartier in neutral zone.
11:59 of 2nd period - Snap shot by Borna Rendulic.
11:59 of 2nd period - Shot Misses the Net.
12:18 of 2nd period - Snap shot by Emil Bemstrom.
12:18 of 2nd period - Stopped by Pavel Francouz with a rebound.
12:20 of 2nd period - Slapshot by Adam Clendening.
12:20 of 2nd period - Deflect By Christian Dvorak.
12:20 of 2nd period - Shot Blocked by Taylor Aronson.
12:20 of 2nd period - Puck is out of play.
12:21 of 2nd period - T.J. Tynan wins face-off versus Ryan Hartman in Sound Tigers zone.
12:22 of 2nd period - Snap shot by Christian Dvorak.
12:22 of 2nd period - Stopped by Pavel Francouz with a rebound.
12:46 of 2nd period - Jordan Kyrou is hit by Miro Heiskanen and loses puck.
12:56 of 2nd period - Minor Penalty to James Livingstone for Hooking.
12:57 of 2nd period - Ryan Hartman wins face-off versus Dominik Simon in Sound Tigers zone.
13:02 of 2nd period - Icing by Dominik Simon.
13:03 of 2nd period - Rourke Chartier wins face-off versus Ryan Hartman in Rampage zone.
13:19 of 2nd period - Wrist shot by Tim Erixon.
13:19 of 2nd period - Stopped by Pavel Francouz without a rebound.
13:20 of 2nd period - Ryan Hartman wins face-off versus Jordan Kyrou in Sound Tigers zone.
13:45 of 2nd period - Icing by Travis Sanheim.
13:46 of 2nd period - Alex Tuch wins face-off versus T.J. Tynan in Rampage zone.
14:09 of 2nd period - Slapshot by Travis Sanheim.
14:09 of 2nd period - Stopped by Pavel Francouz with a rebound.
14:36 of 2nd period - Off-side.
14:37 of 2nd period - Rourke Chartier wins face-off versus Joe Labate in neutral zone.
14:56 of 2nd period - Penalty to James Livingstone is over, James Livingstone is back on ice.
15:06 of 2nd period - Slapshot by T.J. Tynan.
15:06 of 2nd period - Shot Misses the Net.
15:41 of 2nd period - Off-side.
15:42 of 2nd period - Anthony Richard wins face-off versus Ryan Hartman in neutral zone.
15:47 of 2nd period - Alex Tuch is hit by Dylan Sikura and loses puck.
16:15 of 2nd period - Snap shot by Joe Labate.
16:15 of 2nd period - Stopped by Jake Oettinger with a rebound.
16:17 of 2nd period - Snap shot by Taylor Aronson.
16:17 of 2nd period - Goal by Taylor Aronson - Sound Tigers : 4 - Rampage : 1.
16:17 of 2nd period - Magnus Hellberg enters game.
16:18 of 2nd period - Rourke Chartier wins face-off versus Ryan Hartman in neutral zone.
16:21 of 2nd period - Borna Rendulic is hit by Jordan Kyrou and loses puck.
16:48 of 2nd period - Snap shot by James Livingstone.
16:48 of 2nd period - Stopped by Magnus Hellberg without a rebound.
16:49 of 2nd period - T.J. Tynan wins face-off versus Joe Labate in Rampage zone.
18:10 of 2nd period - Wrist shot by Garret Ross.
18:10 of 2nd period - Shot Misses the Net.
18:25 of 2nd period - Snap shot by T.J. Tynan.
18:25 of 2nd period - Shot Blocked by Taylor Aronson.
18:27 of 2nd period - Slapshot by Travis Sanheim.
18:27 of 2nd period - Stopped by Pavel Francouz without a rebound.
18:28 of 2nd period - Rourke Chartier wins face-off versus Ryan Hartman in Sound Tigers zone.
19:49 of 2nd period - Wrist shot by Dylan Sikura.
19:49 of 2nd period - Stopped by Pavel Francouz with a rebound.
19:51 of 2nd period - Wrist shot by Dylan Sikura.
19:51 of 2nd period - Stopped by Pavel Francouz without a rebound.
19:52 of 2nd period - Pavel Kraskovsky wins face-off versus Anthony Richard in Sound Tigers zone.
Goals for this period are 4 for Sound Tigers vs 1 for Rampage.
Shots for this period are 13 for Sound Tigers vs 14 for Rampage.
3rd period
0:01 of 3rd period - Ryan Hartman wins face-off versus Rourke Chartier in neutral zone.
0:25 of 3rd period - Emil Bemstrom is hit by Gabriel Carlsson and loses puck.
0:48 of 3rd period - Snap shot by Anthony Richard.
0:48 of 3rd period - Shot Misses the Net.
0:50 of 3rd period - Backhand shot by Pierre-Luc Dubois.
0:50 of 3rd period - Shot Misses the Net.
0:52 of 3rd period - Snap shot by Dylan Sikura.
0:52 of 3rd period - Shot Blocked by Miro Heiskanen.
0:54 of 3rd period - Slapshot by Ethan Bear.
0:54 of 3rd period - Stopped by Pavel Francouz with a rebound.
1:08 of 3rd period - Wrist shot by Pavel Kraskovsky.
1:08 of 3rd period - Deflect By Rhett Gardner.
1:08 of 3rd period - Shot Misses the Net.
1:08 of 3rd period - Puck is out of play.
1:09 of 3rd period - Rourke Chartier wins face-off versus Rhett Gardner in Rampage zone.
1:14 of 3rd period - Dylan Blujus is hit by Tyrell Goulbourne and loses puck.
1:21 of 3rd period - Snap shot by Tyrell Goulbourne.
1:21 of 3rd period - Shot Blocked by Dominik Simon.
1:34 of 3rd period - Minor Penalty to Rourke Chartier for Tripping.
1:35 of 3rd period - Ryan Hartman wins face-off versus T.J. Tynan in Rampage zone.
1:36 of 3rd period - Snap shot by Borna Rendulic.
1:36 of 3rd period - Stopped by Magnus Hellberg with a rebound.
1:38 of 3rd period - Snap shot by Gabriel Carlsson.
1:38 of 3rd period - Stopped by Magnus Hellberg with a rebound.
1:46 of 3rd period - Wrist shot by Alex Tuch.
1:46 of 3rd period - Goal by Alex Tuch - Sound Tigers : 5 - Rampage : 1.
1:47 of 3rd period - Jordan Kyrou wins face-off versus Ryan Hartman in neutral zone.
1:54 of 3rd period - Wrist shot by Rourke Chartier.
1:54 of 3rd period - Shot Misses the Net.
1:56 of 3rd period - Snap shot by Jordan Kyrou.
1:56 of 3rd period - Shot Misses the Net.
1:58 of 3rd period - Snap shot by Jordan Kyrou.
1:58 of 3rd period - Shot Misses the Net.
2:00 of 3rd period - Slapshot by Travis Sanheim.
2:00 of 3rd period - Shot Blocked by Borna Rendulic.
2:02 of 3rd period - Slapshot by Travis Sanheim.
2:02 of 3rd period - Stopped by Pavel Francouz without a rebound.
2:03 of 3rd period - Joe Labate wins face-off versus T.J. Tynan in Sound Tigers zone.
2:32 of 3rd period - Snap shot by Ben Thomson.
2:32 of 3rd period - Goal by Ben Thomson - Sound Tigers : 6 - Rampage : 1.
2:33 of 3rd period - Rourke Chartier wins face-off versus Ryan Hartman in neutral zone.
2:36 of 3rd period - Alex Tuch is hit by Tim Erixon.
2:54 of 3rd period - Minor Penalty to Borna Rendulic for Goalie Interference.
2:55 of 3rd period - Ryan Hartman wins face-off versus Rourke Chartier in Sound Tigers zone.
4:54 of 3rd period - Penalty to Borna Rendulic is over, Borna Rendulic is back on ice.
5:15 of 3rd period - Snap shot by Rhett Gardner.
5:15 of 3rd period - Stopped by Magnus Hellberg with a rebound.
6:39 of 3rd period - Off-side.
6:40 of 3rd period - Anthony Richard wins face-off versus Pavel Kraskovsky in neutral zone.
6:58 of 3rd period - Icing by Nick Blankenburg.
6:59 of 3rd period - Rourke Chartier wins face-off versus Pavel Kraskovsky in Sound Tigers zone.
7:00 of 3rd period - Wrist shot by Dominik Simon.
7:00 of 3rd period - Stopped by Pavel Francouz with a rebound.
7:06 of 3rd period - Slapshot by Jordan Kyrou.
7:06 of 3rd period - Stopped by Pavel Francouz with a rebound.
7:36 of 3rd period - Wrist shot by Artturi Lehkonen.
7:36 of 3rd period - Stopped by Pavel Francouz without a rebound.
7:37 of 3rd period - Rourke Chartier wins face-off versus Ryan Hartman in Sound Tigers zone.
7:46 of 3rd period - Ethan Bear is hit by Ryan Hartman.
8:29 of 3rd period - Slapshot by Travis Sanheim.
8:29 of 3rd period - Shot Misses the Net.
8:37 of 3rd period - Snap shot by Dylan Sikura.
8:37 of 3rd period - Shot Blocked by Slater Koekkoek.
9:25 of 3rd period - Slapshot by Taylor Aronson.
9:25 of 3rd period - Stopped by Magnus Hellberg with a rebound.
9:27 of 3rd period - Slapshot by Taylor Aronson.
9:27 of 3rd period - Stopped by Magnus Hellberg with a rebound.
9:29 of 3rd period - Backhand shot by Slater Koekkoek.
9:29 of 3rd period - Shot Blocked by Adam Clendening.
9:33 of 3rd period - Wrist shot by Joe Labate.
9:33 of 3rd period - Stopped by Magnus Hellberg with a rebound.
9:35 of 3rd period - Wrist shot by Joe Labate.
9:35 of 3rd period - Shot Blocked by T.J. Tynan.
9:37 of 3rd period - Slapshot by Taylor Aronson.
9:37 of 3rd period - Shot Blocked by T.J. Tynan.
9:49 of 3rd period - Slapshot by Dylan Sikura.
9:49 of 3rd period - Stopped by Pavel Francouz with a rebound.
10:37 of 3rd period - Snap shot by Zach Stepan.
10:37 of 3rd period - Shot Misses the Net.
10:39 of 3rd period - Snap shot by Trent Frederic.
10:39 of 3rd period - Stopped by Pavel Francouz with a rebound.
11:07 of 3rd period - Borna Rendulic is hit by Dylan Blujus and loses puck.
11:16 of 3rd period - Slapshot by Anthony Richard.
11:16 of 3rd period - Stopped by Pavel Francouz with a rebound.
12:34 of 3rd period - Slater Koekkoek is hit by Travis Sanheim and loses puck.
12:58 of 3rd period - Josh Archibald is hit by Jordan Kyrou and loses puck.
13:26 of 3rd period - Christian Dvorak is hit by Greg Pateryn and loses puck.
13:42 of 3rd period - Rhett Gardner is hit by Dylan Blujus and loses puck.
13:56 of 3rd period - Slapshot by Emil Bemstrom.
13:56 of 3rd period - Shot Misses the Net.
13:58 of 3rd period - Slapshot by Christian Dvorak.
13:58 of 3rd period - Stopped by Pavel Francouz with a rebound.
15:06 of 3rd period - Tyrell Goulbourne is hit by Emil Bemstrom and loses puck.
15:15 of 3rd period - Wrist shot by Emil Bemstrom.
15:15 of 3rd period - Shot Misses the Net.
15:31 of 3rd period - Josh Archibald is hit by T.J. Tynan and loses puck.
15:40 of 3rd period - Snap shot by T.J. Tynan.
15:40 of 3rd period - Deflect By Rhett Gardner.
15:40 of 3rd period - Stopped by Pavel Francouz with a rebound.
15:42 of 3rd period - Wrist shot by Emil Bemstrom.
15:42 of 3rd period - Shot Misses the Net.
15:44 of 3rd period - Snap shot by Emil Bemstrom.
15:44 of 3rd period - Stopped by Pavel Francouz with a rebound.
15:46 of 3rd period - Slapshot by Ethan Bear.
15:46 of 3rd period - Shot Misses the Net.
15:54 of 3rd period - T.J. Tynan is hit by Tyrell Goulbourne and loses puck.
16:05 of 3rd period - Snap shot by Tyrell Goulbourne.
16:05 of 3rd period - Stopped by Magnus Hellberg without a rebound.
16:06 of 3rd period - Ryan Hartman wins face-off versus Rourke Chartier in Rampage zone.
16:35 of 3rd period - Matt Roy is hit by Slater Koekkoek and loses puck.
17:41 of 3rd period - Pierre-Luc Dubois is hit by Joe Labate and loses puck.
17:51 of 3rd period - Off-side.
17:52 of 3rd period - Zach Stepan wins face-off versus Borna Rendulic in neutral zone.
18:37 of 3rd period - Snap shot by James Livingstone.
18:37 of 3rd period - Stopped by Magnus Hellberg without a rebound.
18:37 of 3rd period - Minor Penalty to Magnus Hellberg for Slashing.
18:38 of 3rd period - Anthony Richard wins face-off versus Ryan Hartman in Rampage zone.
18:47 of 3rd period - Wrist shot by Greg Pateryn.
18:47 of 3rd period - Goal by Greg Pateryn - Sound Tigers : 7 - Rampage : 1.
18:48 of 3rd period - Rourke Chartier wins face-off versus Ryan Hartman in neutral zone.
19:30 of 3rd period - Wrist shot by Anthony Richard.
19:30 of 3rd period - Shot Blocked by Greg Pateryn.
19:32 of 3rd period - Backhand shot by Pierre-Luc Dubois.
19:32 of 3rd period - Goal by Pierre-Luc Dubois - Sound Tigers : 7 - Rampage : 2.
19:33 of 3rd period - Rourke Chartier wins face-off versus Ryan Hartman in neutral zone.
19:35 of 3rd period - Minor Penalty to Dominik Simon for Hooking.
19:36 of 3rd period - Ryan Hartman wins face-off versus T.J. Tynan in Rampage zone.
19:38 of 3rd period - Major / Game Misconduct Penalty to Ryan Hartman for Unsportsmanlike conduct.
19:38 of 3rd period - Ryan Hartman is ejected from game.
19:39 of 3rd period - T.J. Tynan wins face-off versus James Livingstone in Sound Tigers zone.
19:39 of 3rd period - Slapshot by Jordan Kyrou.
19:39 of 3rd period - Stopped by Pavel Francouz without a rebound.
19:40 of 3rd period - James Livingstone wins face-off versus T.J. Tynan in Sound Tigers zone.
Goals for this period are 3 for Sound Tigers vs 1 for Rampage.
Shots for this period are 11 for Sound Tigers vs 13 for Rampage.